 Dungeon Crawl Stone Soup version 0.24.0-37-gcf1ca852f1 (webtiles) character file.

Game seed: 13456722228592835075, levelgen mode: deterministic

48 Kobolds4U the Conjurer (level 3, 0/28 HPs)
             Began as a Draconian Conjurer on Nov 24, 2019.
             Slain by a ball python (1 damage)
             ... on level 2 of the Dungeon.
             The game lasted 00:03:59 (1567 turns).

Kobolds4U the Conjurer (Draconian Conjurer)         Turns: 1567, Time: 00:04:01

Health: 0/28       AC:  5    Str: 10    XL:     3   Next: 50%
Magic:  3/7        EV:  9    Int: 15    God:
Gold:   132        SH:  0    Dex: 12    Spells: 7/8 levels left

rFire    . . .     SeeInvis .   e - +1 dagger (flame)
rCold    . . .     Gourm    .   (no shield)
rNeg     . . .     Faith    .   (armour unavailable)
rPois    .         Spirit   .   (helmet restricted)
rElec    .         Reflect  .   (no cloak)
rCorr    .         Harm     .   (no gloves)
MR       .....                  (no boots)
Stlth    ++........             (no amulet)
HPRegen  0.09/turn              (no ring)
MPRegen  0.10/turn              (no ring)

@: lethally poisoned (0 -> -7), constricted
A: unfitting armour, cold-blooded, AC +5
a: no special abilities


You were on level 2 of the Dungeon.
You were not hungry.

You visited 1 branch of the dungeon, and saw 2 of its levels.

You collected 132 gold pieces.

Inventory:

Hand Weapons
 e - a +1 dagger of flaming (weapon)
Wands
 j - a wand of enslavement (5)
Scrolls
 g - 2 scrolls of blinking {unknown}
 i - 3 scrolls of identify {unknown}
Potions
 a - a potion of cancellation
 d - a potion of might {unknown}
 f - a potion of lignification
 h - 2 potions of brilliance
Comestibles
 b - 3 rations
 c - 5 chunks of flesh


   Skills:
 - Level 1.0 Fighting
 + Level 1.7 Short Blades
 - Level 1.7 Dodging
 - Level 1.7 Stealth
 - Level 3.0 Spellcasting
 - Level 4.0 Conjurations


You had 7 spell levels left.
You knew the following spells:

 Your Spells              Type           Power        Failure   Level  Hunger
a - Magic Dart            Conj           ##..         3%          1    #......

Your spell library contained the following spells:

 Spells                   Type           Power        Failure   Level  Hunger
 Searing Ray              Conj           ##....       6%          2    ##.....
 Dazzling Spray           Conj/Hex       #.....       26%         3    ###....
 Iskenderun's Mystic Bla  Conj           ##......     36%         4    #####..
 Force Lance              Conj/Tloc      #.......     65%         4    #####..
 Fulminant Prism          Conj/Hex       #.........   65%         4    #####..


Dungeon Overview and Level Annotations

Branches:
Dungeon (2/15)

Altars:


Innate Abilities, Weirdness & Mutations

Your plain brown scales are hard. (AC +5)
You cannot fit into any form of body armour.
You are cold-blooded and may be slowed by cold attacks.


Message History

You feel sick. The jackal closely misses you.
The ball python bites you but does no damage.
* * * LOW HITPOINT WARNING * * *
The ball python constricts you. The adder barely misses you.
The jackal bites you.
* * * LOW HITPOINT WARNING * * *
It was a potion of lignification.
You turn into a tree.
Your roots penetrate the ground.
The ball python bites you but does no damage.
* * * LOW HITPOINT WARNING * * *
The ball python constricts you. The adder bites you but does no damage.
The jackal bites you but does no damage.
It was a potion of cancellation.
Your magical effects are unravelling.
You feel magically purged.
You feel less wooden.
You feel a little less clever now.
* * * LOW HITPOINT WARNING * * *
You feel sick.
The ball python bites you but does no damage.
You die...

##.#.#.#########.#.
#...#.# #.......#.
#...#.# #.###...#.
#...#.# #)#.......
#.#.#.# #.####.###
#.#...###.#.......
#h#.......#.##.###
#h##.[###.#.#<....
#@###>#####.#.####
......SS# ..............
........##..#####.#.####
........##..#####+#.....
........##..............
........###.####........
......... #........
.......## #........
#........


You could see an adder, 2 jackals and a ball python.

Vanquished Creatures
  An adder (D:2)
  A dart slug (D:1)
  6 giant cockroaches
  3 goblins
  4 hobgoblins
  A jackal (D:2)
  A quokka (D:2)
  A ball python (D:1)
  6 bats
  5 frilled lizards
  3 kobolds (D:1)
  3 rats (D:1)
35 creatures vanquished.

Notes
Turn   | Place    | Note
-------+----------+-------------------------------------------
     0 | D:1      | Kobolds4U the Draconian Conjurer began the quest for the
                  | Orb.
     0 | D:1      | Reached XP level 1. HP: 14/14 MP: 3/3
   222 | D:1      | Reached skill level 1 in Fighting
   222 | D:1      | Reached XP level 2. HP: 12/23 MP: 1/5
  1093 | D:2      | Reached XP level 3. HP: 28/28 MP: 2/7
  1319 | D:2      | Reached skill level 1 in Short Blades
  1567 | D:2      | HP: 1/28 [poisoned by an adder]
  1567 | D:2      | Slain by a ball python

Levels and vault maps discovered:
D:1:      matt_arrival_spirals, layout_rooms
D:2:      layout_basic

Skill      XL: |  1  2  3 |
---------------+----------+-----
Fighting       | 1 |  1.0
Spellcasting   | 3 |  3.0
Short Blades   | 1 |  1.7
Dodging        | |  1.7
Stealth        | |  1.7
Conjurations   | |  4.0

Action                   || total
-------------------------++-------
Melee: Unarmed           ||     9
       Dagger            ||    51
       Tailslap          ||     5
 Cast: Magic Dart        ||    41
  Use: Potion            ||     3
 Stab: Sleeping          ||     1
  Eat: Chunk             ||     2
Armor: Skin              ||    42
Dodge: Dodged            ||    70
